 Dungeon Crawl Stone Soup version 0.22-a0-157-g169b76a (webtiles) character file.

1151 Azzok the Fighter (level 8, -7/60 HPs)
             Began as a Gargoyle Fighter on Feb 8, 2018.
             Mangled by a troll (8 damage)
             ... on level 5 of the Dungeon.
             The game lasted 00:08:27 (3820 turns).

Azzok the Fighter (Gargoyle Fighter)                Turns: 3820, Time: 00:08:28

Health: -7/60      AC: 19    Str: 21    XL:     8   Next: 38%
Magic:  8/8        EV:  6    Int: 10    God:
Gold:   224        SH:  0    Dex: 14    Spells: 7/7 levels left

rFire    . . .     SeeInvis .   a - +0 long sword
rCold    . . .     Gourm    .   (no shield)
rNeg     + + .     Faith    .   g - +1 plate armour
rPois    ∞         Spirit   .   (no helmet)
rElec    +         Reflect  .   (no cloak)
rCorr    .         Harm     .   (no gloves)
MR       .....                  p - +0 pair of boots
Stlth    ..........             (no amulet)
HPRegen  0.20/turn              b - +5 ring of dexterity
MPRegen  0.11/turn              s - ring of positive energy

@: no status effects
A: negative energy resistance 1, electricity resistance, unbreathing,
petrification resistance, rot immunity, AC +5
a: no special abilities


You were on level 5 of the Dungeon.
You were not hungry.

You visited 1 branch of the dungeon, and saw 5 of its levels.

You collected 224 gold pieces.

Inventory:

Hand Weapons
 a - a +0 long sword (weapon)
Missiles
 n - 108 arrows
Armour
 c - a +0 shield
 g - a +1 plate armour (worn)
 p - a +0 pair of boots (worn)
Jewellery
 b - a +5 ring of dexterity (left hand)
 s - a ring of positive energy (right hand)
 v - an uncursed ring of fire
Scrolls
 e - a scroll of random uselessness {unknown}
 i - 2 scrolls of teleportation
 k - 8 scrolls of identify
 l - 3 scrolls of remove curse
 r - a scroll of fog {unknown}
 u - a scroll of magic mapping {unknown}
Potions
 d - a potion of agility {unknown}
 h - 2 potions of curing {unknown}
 j - a potion of degeneration {unknown}
 m - a potion of resistance {unknown}
 o - 4 potions of flight {unknown}
 q - a potion of brilliance {unknown}
 t - a potion of haste {unknown}
Comestibles
 f - 7 rations
 w - 3 chunks of flesh


   Skills:
 + Level 11.0 Fighting
 - Level 1.7 Long Blades
 - Level 3.2 Armour
 - Level 3.2 Shields


You had 7 spell levels left.
You didn't know any spells.

Dungeon Overview and Level Annotations

Branches:
Dungeon (5/15)
 Temple: D:4-7

Altars:
Dithmenos
Qazlal
Wu Jian


Innate Abilities, Weirdness & Mutations

You are resistant to torment.
Your stone body is resilient. (AC +5)
You are immune to poison.
You resist negative energy. (rN+)
You are resistant to electric shocks. (rElec)
You can survive without breathing.
You are immune to petrification.
You are immune to rotting.


Message History

The troll is moderately wounded.
The troll bites you! The troll claws you but does no damage.
The troll claws you.
* * * LOW HITPOINT WARNING * * *
You closely miss the troll.
The troll is moderately wounded.
The troll bites you but does no damage. The troll claws you but does no damage.
The troll claws you.
* * * LOW HITPOINT WARNING * * *
The troll bites you but does no damage. The troll claws you.
* * * LOW HITPOINT WARNING * * *
The troll claws you!
* * * LOW HITPOINT WARNING * * *
You slash the troll!
The troll is heavily wounded.
The troll bites you but does no damage.
The troll claws you but does no damage. x2
You hit the troll.
The troll is heavily wounded.
The troll bites you!
You die...

···▒ ▒····T··▒···▒····▒
···▒ ▒··>····▒·(·▒····▒·
···▒ ▒·······▒▒▒'▒····'·
···▒ ▒·······)·([[····▒
···▒ ▒················▒
···▒ ╬············▒▒▒▒▒
···▒ ▒·····(······▒ · ·
··▒······▒▒▒▒▒▒▒·· ·
·······@T········▒ ·
···▒···▒···▒···▒·· ···
?▒···▒[▒···▒$▒··· ··· ▒·
···▒···▒···▒···▒···· ···
▒······················ ···
▒···▒···▒···▒···▒···▒·· ··
▒····▒·▒···▒·▒···▒%▒··· ·
▒·····▒···▒···▒···▒····
▒▒▒▒▒·▒····················


You could see a troll.

Vanquished Creatures
  The ghost of braks the Skirmisher, an amateur TeVM (D:3)
  2 phantoms (D:5)
  A centaur (D:5)
  3 ogres (D:4)
  A centaur zombie (D:4)
  A bullfrog skeleton (D:5)
  3 orc priests
  2 hounds
  An orc wizard (D:4)
  2 centaur skeletons
  An iguana (D:5)
  2 worker ants (D:5)
  A hound skeleton (D:4)
  A worker ant zombie (D:5)
  A howler monkey skeleton (D:5)
  5 adders
  An ooze (D:3)
  An adder zombie (D:5)
  A worm (D:2)
  2 dart slugs
  4 leopard geckos
  16 orcs
  2 ball pythons
  4 giant cockroaches
  5 goblins
  3 hobgoblins (D:3)
  5 jackals
  6 kobolds
  A quokka (D:5)
  4 bats
  5 frilled lizards
  A jackal zombie (D:5)
  3 rats (D:2)
92 creatures vanquished.

Notes
Turn   | Place    | Note
-------+----------+-------------------------------------------
     0 | D:1      | Azzok the Gargoyle Fighter began the quest for the Orb.
     0 | D:1      | Reached XP level 1. HP: 14/14 MP: 1/1
   320 | D:1      | Reached XP level 2. HP: 20/20 MP: 2/2
   358 | D:1      | Reached skill level 4 in Fighting
  1049 | D:2      | Reached XP level 3. HP: 21/24 MP: 3/3
  1108 | D:2      | Reached skill level 5 in Fighting
  1263 | D:2      | Reached XP level 4. HP: 30/31 MP: 4/4
  1435 | D:2      | You fall through a shaft!
  1625 | D:3      | Found an ornate altar of the Wu Jian Council.
  1680 | D:3      | Found a shadowy altar of Dithmenos.
  1704 | D:3      | Noticed braks's ghost (amateur TeVM)
  1718 | D:3      | Killed braks's ghost
  1718 | D:3      | Reached skill level 6 in Fighting
  1718 | D:3      | Reached XP level 5. HP: 37/37 MP: 5/5
  2027 | D:3      | Found a stormy altar of Qazlal.
  2067 | D:4      | Reached skill level 7 in Fighting
  2076 | D:4      | Reached XP level 6. HP: 17/44 MP: 6/6
  2489 | D:4      | Reached skill level 8 in Fighting
  2489 | D:4      | Reached XP level 7. HP: 50/50 MP: 7/7
  2754 | D:4      | Reached skill level 9 in Fighting
  3212 | D:5      | Entered Level 5 of the Dungeon
  3406 | D:5      | Reached skill level 10 in Fighting
  3406 | D:5      | Reached XP level 8. HP: 39/57 MP: 8/8
  3410 | D:5      | Noticed a troll
  3719 | D:5      | Reached skill level 11 in Fighting
  3818 | D:5      | HP: 1/60 [troll (8)]
  3820 | D:5      | Mangled by a troll

Vault maps used:
D:1:      sevenhm_arrival_forest_fort_large_2
D:2:      first_ration
D:3:      lemuel_doored_altar, lemuel_round_altar,
          nicolae_qazlal_eye_of_the_storm
D:5:      cheibrodos_fzero, nicolae_overflow_crystal_walls,
          kiku_gazebo_pond_becter

Skill      XL: |  1  2  3  4  5  6  7  8 |
---------------+-------------------------+-----
Fighting       | 4 5 6 7 8 10 11 | 11.0
Long Blades    | |  1.7
Armour         | |  3.2
Shields        | |  3.2

Action                   |  1- 3 |  4- 6 |  7- 9 || total
-------------------------+-------+-------+-------++-------
Melee: Long sword        |    91 |   110 |   190 ||   391
       Dagger            |     9 |       |       ||     9
  Use: Scroll            |     5 |       |       ||     5
       Potion            |       |     2 |       ||     2
  Eat: Chunk             |     1 |     4 |     5 ||    10
Armor: Plate armour      |    96 |   107 |   193 ||   396
Dodge: Dodged            |    39 |    49 |    69 ||   157
       Rpst.: Long sword |    14 |    10 |    18 ||    42

Table legend:
 A = Spawn XP
 B = Non-spawn XP
 C = Spawn XP percentage of total XP
 D = Spawn monster count
 E = Non-spawn monster count
 F = Spawn count percentage of total count
 G = Total turns spent on level
                    A         B        C        D         E        F      G
               +---------+---------+-------+---------+---------+-------+---------
         Total |       0 |    1645 |   0.0 |       0 |      92 |   0.0 |  3820
               +---------+---------+-------+---------+---------+-------+---------
           D:1 |       0 |      18 |   0.0 |       0 |      10 |   0.0 |   997
           D:2 |       0 |      67 |   0.0 |       0 |      16 |   0.0 |   438
           D:3 |       0 |     253 |   0.0 |       0 |      23 |   0.0 |   985
           D:4 |       0 |     641 |   0.0 |       0 |      20 |   0.0 |   872
           D:5 |       0 |     666 |   0.0 |       0 |      23 |   0.0 |   528
               +---------+---------+-------+---------+---------+-------+---------
